Bakko, chaotic male human Rogue @ Bakko the Pilferer Experience level: 13 Strength: 25 Dexterity: 15 Constitution: 18 Intelligence: 13 Wisdom: 18 Charisma: 7 Health: 0(81) Energy: 64(64) AC: -7 Gold: 1367 Moves: 37623 Your Inventory: Coins $ - 1367 gold pieces Amulets Y - an uncursed triangular amulet [versus poison] (being worn) Weapons d - an uncursed +0 elven dagger of reflection f - 5 uncursed +0 daggers u - an [uncursed] rustproof +0 athame of telepathy w - a blessed thoroughly rusty corroded +0 thirsty dagger (weapon in hand) Armor h - an uncursed thoroughly burnt -1 faded pall [elven cloak] (being worn) s - an [uncursed +0] pair of combat boots [speed] x - an [uncursed] +0 dwarvish mithril-coat (being worn) y - an [uncursed] greased +0 hard hat [dwarvish iron helm] (being worn) A - an uncursed greased +0 pair of iron shoes (being worn) E - an [uncursed] greased +0 pair of gauntlets of power (being worn) J - an uncursed +0 large round shield [dwarvish roundshield] (being worn) Comestibles p - 3 [uncursed] lizard corpses Potions Z - an [uncursed] potion of paralysis Rings k - an [uncursed] twisted ring [of conflict] q - an uncursed ring of levitation (on left hand) O - an uncursed ring of regeneration W - an uncursed +6 ring of gain wisdom (on right hand) Wands g - an [uncursed] wand of cancellation [0:5] t - an [uncursed] wand of cold [0:2] v - an [uncursed] wand of magic missile [0:3] C - a [cursed] wand of fire [0:0] D - an [uncursed] wand of cancellation (0:0) F - an [uncursed] wand of striking [0:2] K - an [uncursed] wand of teleportation [0:4] L - an [uncursed] wand of fire [0:0] M - an [uncursed] wand of magic missile [0:0] Q - an [uncursed] rustproof wand of digging [0:5] U - an [uncursed] wand of striking [0:2] Tools a - an [uncursed +0] pick-axe b - a blessed bag of holding c - an [uncursed] magic marker [1:0] e - an uncursed lock pick j - a cursed [oil] lamp called maybe not magic (0:0) o - an [uncursed] credit card r - an [uncursed] can of grease [0:15] z - an [uncursed] blindfold B - an uncursed blindfold Contents of the bag of holding: an [uncursed +0] blue and green shield [elven] an uncursed +0 oilskin mummy wrapping an [uncursed +0] pair of buckled boots [kicking] an uncursed +3 pair of gauntlets of dexterity an uncursed partly eaten food ration 8 [uncursed] food rations an [uncursed] lembas wafer an [uncursed] tripe ration an uncursed scroll called confuison [of confuse monster] 3 uncursed scrolls called remove curse [of remove curse] 2 cursed scrolls called remove curse [of remove curse] an [uncursed] scroll labeled ZLORFIK [of food detection] a cursed scroll of create monster an [uncursed] scroll of create monster an uncursed scroll of earth 2 uncursed scrolls of enchant weapon a cursed scroll of enchant weapon a blessed scroll of fire 2 uncursed scrolls of gold detection a blessed scroll of light an [uncursed] scroll of light a [blessed] scroll of teleportation an [uncursed] scroll of teleportation a [cursed] scroll of teleportation 2 uncursed unlabeled scrolls [of blank paper] a [cursed] unlabeled scroll [of blank paper] an [uncursed] golden potion [of restore ability] an [uncursed] potion of blindness 2 [uncursed] potions of extra healing an [uncursed] potion of healing an [uncursed] wand of create monster [0:3] an [uncursed] wand of digging [0:6] an [uncursed] wand of digging [0:4] an [uncursed] wand of digging [0:7] an [uncursed] wand of digging [0:5] an [uncursed] wand of fire [0:7] an [uncursed] wand of light [0:11] an [uncursed] wand of light [0:10] an [uncursed] wand of lightning (0:0) an [uncursed] wand of lightning (0:0) an uncursed wand of locking (0:6) an [uncursed] wand of magic missile [0:0] an [uncursed] wand of magic missile [0:3] an [uncursed] wand of magic missile [0:2] an [uncursed] wand of magic missile [0:4] an [uncursed] wand of magic missile [0:0] an uncursed wand of make invisible (0:5) an [uncursed] wand of make invisible [0:3] an [uncursed] wand of make invisible [0:4] an uncursed wand of polymorph [0:3] a blessed wand of sleep (0:0) an [uncursed] wand of sleep [0:5] an [uncursed] wand of sleep [0:3] an [uncursed] wand of slow monster [0:4] an [uncursed] wand of speed monster [0:6] an [uncursed] wand of striking (0:0) an [uncursed] wand of striking (0:0) an [uncursed] wand of striking (0:0) an [uncursed] wand of striking (0:0) an [uncursed] wand of striking [0:2] an [uncursed] wand of teleportation [0:5] an [uncursed] wand of teleportation [0:5] an [uncursed] wand of teleportation [0:6] Spells known in the end: Name Level Category Fail Memory a - cause fear 3* enchantment 100% [........] b - light 1! divination 100% [|.......] Your skills at the end: Fighting Skills body armor [Basic / Basic] shield [Skilled / Skilled] Weapon Skills dagger [Expert / Expert] short sword [Basic / Expert] Spellcasting Skills Final Attributes: You were piously aligned. Hunger level was 1175. Your alignment was 198 / 198. Monster difficulty range was 4 - 20. Level difficulty was 27. You resisted fire. You resisted cold. You resisted sleep. You resisted disintegration. You resisted electricity. You were immune to poison. You saw invisible. You were telepathic. You had automatic searching. You were stealthy. You could teleport. You had teleport control. You were levitating. You were swallowed by an air elemental (7). You were unlucky (-2). Kos was angry with you (1). You are dead. Vanquished creatures: Medusa Croesus an iron golem a sirrush a wyvern 2 guivres a stone golem an Olog-hai a Nazgul 2 titanotheres 2 trappers a baby sarkany 2 vampire lords a captain a lich 3 lurkers above 3 Aleaxes 3 golden nagas 3 vampires 3 lieutenants a ghost 2 locusts a winged gargoyle a mind flayer 3 giant mimics a zruty 5 fire giants 3 ice trolls 2 rock trolls an Elvenking 4 large mimics 2 wumpuses 4 long worms 3 couatls 7 stalkers an air elemental a fire elemental 2 earth elementals 2 water elementals 3 hill giants 3 black nagas a xorn 2 giant zombies 2 elf-lords 18 sergeants 10 wargs a winter wolf 10 small mimics 3 rodents of unusual size a warhorse 2 xans 2 ettin mummies 6 quantum mechanics 22 trolls a wood golem a giant turtle 5 gelatinous cubes 3 pyrolisks 5 freezing spheres 4 flaming spheres 4 shocking spheres a large cat 3 tigers 3 gargoyles 4 tengu a leocrotta an energy vortex 3 mountain centaurs 2 stone giants 3 elf mummies 3 human mummies a red naga 6 pit vipers 2 pythons 5 cobras 4 wraiths a carnivorous ape 4 ettin zombies 2 leather golems a Grey-elf 108 soldiers 2 incubi 5 chameleons 3 crocodiles 8 giant beetles 2 quivering blobs 6 cockatrices 8 wolves 14 winter wolf cubs 2 lynxes a panther 5 gremlins a spotted jelly 10 leprechauns 4 orc-captains an iron piercer 6 giant spiders 2 scorpions 4 horses 2 ice vortices a black light 4 vampire bats 2 forest centaurs 5 gnome kings 3 orc mummies 2 dwarf mummies 4 brown puddings 2 rust monsters 2 owlbears 5 yetis 3 werewolves a Green-elf 4 giant eels 5 lizards 3 chickatrices 3 dogs 4 dingos 3 housecats 4 jaguars 6 dwarf lords 3 blue jellies 3 dust vortices a raven 8 plains centaurs 3 gnome mummies 13 snakes 2 apes 4 human zombies 3 rope golems 4 Woodland-elves 2 soldier ants 8 fire ants 2 snow ants 26 bugbears 2 imps a quasit 5 wood nymphs 3 water nymphs 2 mountain nymphs 35 Mordor orcs 19 Uruk-hai 11 orc shamans 4 rock piercers 10 enormous rats 4 rock moles 7 ponies 3 fog clouds 10 yellow lights 2 shriekers 6 violet fungi 19 gnome lords 7 gnomish wizards 5 kobold mummies a red naga hatchling a black naga hatchling a golden naga hatchling 5 gray oozes a barrow wight 8 elf zombies a ghoul 2 straw golems a paper golem 2 wax golems a jellyfish a baby crocodile 11 giant ants 5 little dogs 8 floating eyes 4 kittens 27 dwarves 3 homunculi 12 kobold lords 4 kobold shamans 25 hill orcs 16 rothes 8 rabid rats a centipede 2 giant bats 4 monkeys 4 orc zombies 3 dwarf zombies 2 wererats 3 werejackals 11 iguanas 39 killer bees 7 acid blobs 7 coyotes a gas spore 5 hobbits 22 manes 3 large kobolds 29 hobgoblins a giant rat 18 cave spiders a brown mold 5 yellow molds 4 red molds 76 gnomes 16 garter snakes a gnome zombie 6 geckos 21 jackals 5 foxes 2 kobolds 22 goblins 7 sewer rats 5 grid bugs 5 bats 5 lichens 9 kobold zombies 5 newts 1241 creatures vanquished. Genocided or extinct species: soldiers (extinct) 1 species extinct. Voluntary challenges: You used a wielded weapon 2329 times. You read items or engraved 52 times. You put on armor 41 times. You never genocided any monsters. You polymorphed 60 items. You changed form 1 time. You used no wishes. You wrote Elbereth's name 1 time. You encountered 1 bones level. You used 1 Sokoban shortcut. Dungeon overview: The Dungeons of Doom: levels 1 to 27 Level 1 an altar a long staircase Level 2 an altar to Kos stairs to The Gnomish Mines Level 3 a potion shop, a fountain Level 4 some fountains Level 5 a fountain Level 6 a fountain Level 7 many fountains Level 8 (STASH+ALTAR) an altar to Kos stairs to Sokoban Level 9 some fountains, some trees Level 10 (CANCEL!!!!!!!!!!!!!!!!!!!!!!!!!!!!!) some fountains, a sink, many trees Level 11 a fountain Level 12 (ludios) some fountains, a sink portal to Fort Ludios Level 14 a throne portal to The Quest Level 15 a fountain Level 17 a general store, an altar, a fountain Level 18 a fountain Level 19 (new stash ) Level 20 a general store, a fountain Level 21 (Stash 3) an altar to Kos, some fountains Level 22 portal to One-eyed Sam's Market Level 23 some fountains, many trees Level 27 <- You were here The Gnomish Mines: levels 3 to 11 Level 3 stairs to The Dungeons of Doom Level 5 many shops, a temple, a magic chest, a fountain Level 11 a fountain The Quest: Level 1 portal to The Dungeons of Doom Sokoban: levels 5 to 7 Level 7 a magic chest stairs to The Dungeons of Doom Fort Ludios: Level 1 a throne portal to The Dungeons of Doom One-eyed Sam's Market: Level 1 portal to The Dungeons of Doom History has recorded: On T:1 you entered the Dungeons of Doom to retrieve the Amulet of Yendor! On T:306 you reached level 2 of The Dungeons of Doom. On T:316 you advanced to experience level 2. On T:376 you reached level 3 of The Dungeons of Doom. On T:425 you advanced to experience level 3. On T:606 you advanced to experience level 4. On T:946 you reached level 4 of The Dungeons of Doom. On T:1231 you reached level 5 of The Dungeons of Doom. On T:1406 you advanced to experience level 5. On T:1922 you advanced to experience level 6. On T:2172 you reached level 1 of The Gnomish Mines. On T:2344 you advanced to experience level 7. On T:2633 you reached level 2 of The Gnomish Mines. On T:2707 you reached level 3 of The Gnomish Mines. On T:3078 you reached level 6 of The Dungeons of Doom. On T:3450 you advanced to experience level 8. On T:4235 you reached level 7 of The Dungeons of Doom. On T:5517 you received a rustproof athame of telepathy from Kos. On T:6048 you advanced to experience level 9. On T:6319 you reached level 8 of The Dungeons of Doom. On T:6785 you reached level 3 of Sokoban. On T:8259 you reached level 2 of Sokoban. On T:9330 you reached level 1 of Sokoban. On T:10836 you advanced to experience level 10. On T:12490 you reached level 4 of The Gnomish Mines. On T:12991 you reached level 5 of The Gnomish Mines. On T:14365 you reached level 6 of The Gnomish Mines. On T:14626 you reached level 9 of The Gnomish Mines. On T:15072 you reached level 8 of The Gnomish Mines. On T:15264 you reached level 7 of The Gnomish Mines. On T:15286 you advanced to experience level 11. On T:15590 you advanced to experience level 12. On T:17349 you reached level 9 of The Dungeons of Doom. On T:18216 you reached level 10 of The Dungeons of Doom. On T:18399 you reached level 11 of The Dungeons of Doom. On T:18740 you reached level 12 of The Dungeons of Doom. On T:19266 you reached Fort Knox. On T:19399 you reached level 13 of The Dungeons of Doom. On T:19801 you reached level 14 of The Dungeons of Doom. On T:20058 you reached level 16 of The Dungeons of Doom. On T:21389 you reached level 17 of The Dungeons of Doom. On T:21634 you reached level 18 of The Dungeons of Doom. On T:21966 you reached level 19 of The Dungeons of Doom. On T:24828 you reached level 20 of The Dungeons of Doom. On T:25159 you reached level 22 of The Dungeons of Doom. On T:25174 you reached level 1 of One-eyed Sam's Market. On T:25535 you reached level 21 of The Dungeons of Doom. On T:26404 you lost a bag of holding in a magical explosion. On T:28821 you reached level 1 of The Quest. On T:28862 you advanced to experience level 13. On T:29438 you received Ogresmasher from Kos. On T:31171 you reached level 23 of The Dungeons of Doom. On T:31471 you killed Medusa on level 23 of The Dungeons of Doom. On T:31504 you reached level 24 of The Dungeons of Doom. On T:34965 you killed Croesus in Fort Knox. On T:36085 you reached level 25 of The Dungeons of Doom. On T:36662 you reached level 26 of The Dungeons of Doom. On T:36878 you reached The Castle. Latest messages: You are almost hit by a runed arrow. The soldier shoots a runed arrow! You are almost hit by a runed arrow. The air elemental engulfs you! You are pummeled with debris! (3x) [HP-6=75] w - a blessed thoroughly rusty corroded +0 thirsty dagger (weapon in hand). You are pummeled with debris! (3x) [HP-22=53] The thirsty dagger draws the life from the air elemental! You are pummeled with debris! (3x) [HP-23=30] The thirsty dagger draws the life from the air elemental! You are pummeled with debris! (3x) [HP-15=15] You feel an absence of magical power. You are pummeled with debris! (3x) You die... Final status: Goodbye Bakko the Rogue... You died in The Dungeons of Doom on dungeon level 27 with 52307 points, and 1367 pieces of gold, after 37623 moves. You were level 13 with a maximum of 81 hit points when you died.